 Dungeon Crawl Stone Soup version 0.29-a0-121-g8efb068a30 (webtiles) character file.

Game seed: 14513553085844497437

15523 Grim the Basher (level 12, -41/106 HPs)
             Began as a Minotaur Fighter on Feb 20, 2022.
             Was a Believer of the Shining One.
             Blown up by a lich (71 damage)
             ... with an orb of destruction
             ... on level 1 of the Abyss.
             The game lasted 00:23:44 (14901 turns).

Grim the Basher (Minotaur Fighter)                 Turns: 14901, Time: 00:23:45

Health: -41/106    AC: 18    Str: 27    XL:     12   Next: 2%
Magic:  0/15       EV:  9    Int:  7    God:    the Shining One [**....]
Gold:   1717       SH: 11    Dex: 13    Spells: 11/11 levels left

rFire   . . .      SeeInvis .   M - +1 morningstar (vorpal)
rCold   . . .      Faith    .   l - +0 kite shield
rNeg    + . .      Spirit   +   Y - +0 plate armour
rPois   .          Reflect  .   D - +0 hat
rElec   .          Harm     .   W - +2 cloak
rCorr   .          Rampage  .   (no gloves)
Will    .....                   (no boots)
Stlth   ..........              J - amulet of guardian spirit
HPRegen 0.27/turn               R - +6 ring of strength
MPRegen 0.14/turn               (no ring)

@: slowed, glowing, very slow
A: horns 2, retaliatory headbutt
a: Renounce Religion, Divine Shield


You were on level 1 of the Abyss.
You worshipped the Shining One.
The Shining One was pleased with you.
You visited 2 branches of the dungeon, and saw 13 of its levels.
You visited the Abyss 1 time.
You also visited: Ossuary.

You collected 1779 gold pieces.
You donated 62 gold pieces to Zin.

Inventory:

Hand Weapons
 M - a +1 vorpal morningstar (weapon)
Missiles
 b - 2 throwing nets
 d - 10 boomerangs (quivered)
 y - 24 poisoned darts
 A - 8 atropa-tipped darts
 S - 9 javelins
 V - a curare-tipped dart
Armour
 l - a +0 kite shield (worn)
 s - a +1 cloak of willpower
 D - a +0 hat (worn)
 W - a +2 cloak (worn)
 X - an orb of wrath
 Y - a +0 plate armour (worn)
Jewellery
 J - an amulet of guardian spirit (around neck)
 L - a ring of wizardry
 R - a +6 ring of strength (left hand)
 T - a ring of resist corrosion
 U - a +6 ring of dexterity
Wands
 z - a wand of flame (40)
 H - a wand of acid (4)
 N - a wand of mindburst (12)
Scrolls
 e - a scroll of blinking
 f - 2 scrolls of fear {unknown}
 h - 4 scrolls of teleportation
 j - 3 scrolls of holy word
 m - 3 scrolls of enchant armour {unknown}
 n - a scroll of amnesia {unknown}
 o - 2 scrolls of silence {unknown}
 t - 3 scrolls of enchant weapon {unknown}
 u - 2 scrolls of immolation {unknown}
 v - 3 scrolls of vulnerability {unknown}
 C - a scroll of magic mapping {unknown}
 F - a scroll of torment {unknown}
 G - 2 scrolls of noise {unknown}
 I - a scroll of brand weapon {unknown}
 K - a scroll of identify
 O - 2 scrolls of fog {unknown}
Potions
 c - 3 potions of curing
 g - a potion of mutation {unknown}
 k - 2 potions of cancellation
 p - 4 potions of heal wounds
 r - a potion of ambrosia {unknown}
 w - 2 potions of haste {unknown}
 x - a potion of brilliance
 E - a potion of flight {unknown}
 Q - 2 potions of attraction
 Z - a potion of lignification {unknown}


   Skills:
 - Level 10.1 Fighting
 - Level 14.0 Maces & Flails
 - Level 10.0 Armour
 * Level 7.8 Dodging
 * Level 9.4 Shields
 + Level 5.4 Invocations


You had 11 spell levels left.
You didn't know any spells.
Your spell library contained the following spells:

 Spells                   Type           Power      Damage    Failure   Level
 Freeze                   Ice            0%         1d3       100%        1
 Slow                     Hex            0%         N/A       100%        1
 Static Discharge         Conj/Air       0%         N/A       100%        2
 Confusing Touch          Hex            0%         N/A       100%        3
 Dazzling Flash           Conj/Hex       0%         N/A       100%        3
 Frozen Ramparts          Ice            0%         1d2       100%        3
 Vampiric Draining        Necr           0%         2d6       100%        3
 Fulminant Prism          Conj/Hex       0%         3d6       100%        4
 Hailstorm                Conj/Ice       0%         3d3       100%        4
 Iskenderun's Mystic Bla  Conj/Tloc      0%         2d3       100%        4
 Agony                    Necr           0%         N/A       100%        5
 Lee's Rapid Deconstruct  Erth           0%         3d5*      100%        5
 Lightning Bolt           Conj/Air       0%         1d11      100%        5
 Silence                  Hex/Air        0%         N/A       100%        5
 Maxwell's Capacitive Co  Air            0%         โˆž       100%        8


Dungeon Overview and Level Annotations

Branches:
Dungeon (12/15)            Temple (1/1) D:6            Lair (0/6) D:11
    Orc (0/2) D:9         Ossuary (visited)

Altars:
Ashenzari
Cheibriados
Dithmenos
Elyvilon
Fedhas
Gozag
Hepliaklqana
Kikubaaqudgha
Makhleb
Nemelex Xobeh
Okawaru
Qazlal
Ru
Sif Muna
Trog
Uskayaw
Vehumet
Wu Jian
Xom
Yredelemnul
Zin
The Shining One

Annotations:
D:12 Erolcha


Innate Abilities, Weirdness & Mutations

You have a pair of horns on your head.
You reflexively headbutt those who attack you in melee.


Message History

The mana viper bites you!
You feel your power leaking away. The mana viper bites you.
You feel your power leaking away.
You hear some strange, mumbled words.
The mana viper bites you but does no damage.
A lich appears from thin air!
Reactivating autopickup.
The lich gestures at you while chanting.
You feel yourself slow down.
The lich launches a ball of destructive magic.
The wavering orb of destruction weakly hits you!!
* * * LOW HITPOINT WARNING * * *
A tentacled starspawn comes into view.
The lich conjures a glowing orb.
An orb of destruction comes into view.
The lich mumbles some strange words.
The lich flickers and vanishes!
Deactivating autopickup; reactivate with Ctrl-A.
You block the orb of destruction.
The orb of destruction dissipates.
The lich touches you but does no damage.
A black draconian comes into view. It is wielding a +0 short sword.
The lich touches you but does no damage.
The lich completely misses you. You furiously retaliate!
You headbutt the lich.
The lich touches you but does no damage.
A bone dragon comes into view.
The lich points at you and mumbles some strange words.
The bolt of cold hits you!!!
* * * LOW HITPOINT WARNING * * *
You block the lich's attack.
Blink to where?
Press: ? - help, Dir - move target
As you read the scroll of blinking, it crumbles to dust.
The lich launches a ball of destructive magic.
The lich points at you and mumbles some strange words.
You feel as though you will be slow longer.
An orb of destruction comes into view.
The orb of destruction hits you!!!!
Ouch! That really hurt!
You die...

.# .# .# . .## ##.#
#.#... ## .#...## ##.
x#.#..## #.. X .....# ..
#### .#....## ##.###@.#
##X#..###..##โ—‹โ—‹.#..#
S.ยง..##....#.#...###
..#....X......{#..#
#...#..#..###..#.#.#
#..###...## #.#.####
####....## ##...# ######
.### #


There were no monsters in sight!

Vanquished Creatures
  A hydra (D:11)
  4 two-headed ogres
  Urug (D:11)
  A wretched star (Abyss:1)
  Pikel (D:5)
  An ugly thing (D:11)
  A cyclops (D:7)
  Maurice (D:9)
  An unseen horror (D:9)
  2 trolls
  A ynoxinul (Abyss:1)
  A wraith (D:9)
  4 wyverns
  23 yaks
  2 steam dragons
  2 wargs (D:11)
  2 vampire mosquitoes (D:11)
  An acid dragon (D:10)
  A water moccasin (D:9)
  6 orc warriors
  An ice beast (D:7)
  A sky beast (D:7)
  3 necrophages
  An ogre (D:7)
  A black bear (D:6)
  2 centaurs
  A small abomination (Abyss:1)
  A bullfrog (D:8)
  3 kobold brigands
  3 scorpions
  2 gnoll sergeants
  A water moccasin skeleton (D:4)
  3 killer bees
  15 wights
  3 howler monkeys
  6 centaur zombies
  A bullfrog zombie (D:5)
  2 hounds
  7 orc priests
  Crazy Yiuf (D:4)
  A bullfrog skeleton (D:5)
  2 centaur skeletons
  3 human zombies
  A jelly (D:6)
  2 iguanas
  9 orc wizards
  A killer bee zombie (D:6)
  2 hound zombies (Ossuary)
  2 hound skeletons
  7 mummies
  A howler monkey zombie (D:9)
  6 gnolls
  A howler monkey skeleton (D:5)
  4 adders
  A shadow imp (D:8)
  2 white imps
  An adder skeleton (D:4)
  3 adder zombies (Ossuary)
  A worm (D:4)
  4 dart slugs
  24 orcs
  5 bats
  3 endoplasms
  4 giant cockroaches
  3 gnoll zombies (Ossuary)
  8 goblins
  6 hobgoblins
  7 jackals
  4 quokkas
  3 ball pythons
  2 frilled lizards (D:5)
  14 kobolds
  2 kobold zombies (Ossuary)
  8 rats
262 creatures vanquished.

Vanquished Creatures (others)
  2 fungi (D:4)
  7 plants
9 creatures vanquished.

Grand Total: 271 creatures vanquished

Notes
Turn   | Place    | Note
-------+----------+-------------------------------------------
     0 | D:1      | Grim the Minotaur Fighter began the quest for the Orb.
     0 | D:1      | Reached XP level 1. HP: 19/19 MP: 0/0
   174 | D:1      | Reached skill level 3 in Maces & Flails
   264 | D:1      | Reached XP level 2. HP: 19/26 MP: 1/1
   537 | D:1      | Found a faded altar of an unknown god.
  1053 | D:2      | Reached skill level 4 in Maces & Flails
  1094 | D:2      | Reached XP level 3. HP: 30/31 MP: 2/2
  1826 | D:3      | Reached skill level 5 in Maces & Flails
  1879 | D:3      | Reached XP level 4. HP: 27/39 MP: 3/3
  2049 | D:3      | Reached skill level 6 in Maces & Flails
  2763 | D:4      | Found a shimmering altar of Xom.
  2771 | D:4      | Reached XP level 5. HP: 44/45 MP: 4/4
  2824 | D:4      | Reached skill level 7 in Maces & Flails
  2972 | D:4      | Noticed a yak
  2972 | D:4      | Noticed a yak
  2982 | D:4      | Found a white marble altar of Elyvilon.
  3023 | D:4      | Found a radiant altar of Vehumet.
  3025 | D:4      | Found a blossoming altar of Fedhas.
  3064 | D:4      | Reached XP level 6. HP: 47/51 MP: 5/5
  3090 | D:4      | Noticed a yak
  3090 | D:4      | Noticed a yak
  3106 | D:4      | Noticed a yak
  3115 | D:4      | Killed a yak
  3116 | D:4      | Reached skill level 8 in Maces & Flails
  3117 | D:4      | Killed a yak
  3118 | D:4      | Reached skill level 9 in Maces & Flails
  3118 | D:4      | Reached XP level 7. HP: 53/57 MP: 6/6
  3121 | D:4      | Killed a yak
  3122 | D:4      | Reached skill level 10 in Maces & Flails
  3123 | D:4      | Killed a yak
  3225 | D:4      | Killed a yak
  3226 | D:4      | Reached skill level 11 in Maces & Flails
  3226 | D:4      | Reached XP level 8. HP: 49/64 MP: 7/7
  3917 | D:4      | Found a bloodstained altar of Trog.
  4071 | D:4      | Found a runed translucent door.
  4072 | D:4      | Noticed Crazy Yiuf
  4082 | D:4      | Killed Crazy Yiuf
  4559 | D:5      | Entered Level 5 of the Dungeon
  4590 | D:5      | Reached skill level 12 in Maces & Flails
  4741 | D:5      | Noticed Pikel
  4777 | D:5      | Killed Pikel
  4778 | D:5      | Reached skill level 13 in Maces & Flails
  4829 | D:5      | Found a sand-covered staircase.
  4838 | Ossuary  | Entered an ossuary
  5269 | D:5      | Reached skill level 14 in Maces & Flails
  5269 | D:5      | Reached XP level 9. HP: 70/70 MP: 8/8
  6379 | D:6      | Found a staircase to the Ecumenical Temple.
  6396 | Temple   | Entered the Ecumenical Temple
  6488 | Temple   | Became a worshipper of Zin the Law-Giver
  6488 | Temple   | Reached * piety under Zin
  6488 | Temple   | Reached ** piety under Zin
  6646 | D:6      | Reached skill level 5 in Fighting
  6646 | D:6      | Reached skill level 5 in Armour
  6821 | D:7      | Noticed a cyclops
  6838 | D:7      | Killed a cyclops
  7207 | D:7      | Found a shadowy altar of Dithmenos.
  7692 | D:7      | Found a broken altar of Ashenzari.
  8728 | D:8      | Reached *** piety under Zin
  8815 | D:8      | Reached XP level 10. HP: 60/88 MP: 9/9
  9654 | D:8      | Found a basalt altar of Yredelemnul.
 10597 | D:9      | Noticed Maurice
 10610 | D:9      | Killed Maurice
 10611 | D:9      | Reached skill level 1 in Invocations
 10787 | D:9      | Found a staircase to the Orcish Mines.
 10924 | D:9      | Reached skill level 10 in Fighting
 10975 | D:9      | Found a snail-covered altar of Cheibriados.
 10995 | D:9      | Reached skill level 10 in Armour
 11164 | D:9      | Reached skill level 1 in Dodging
 11290 | D:10     | Entered Level 10 of the Dungeon
 11310 | D:10     | Found a glowing golden altar of the Shining One.
 11316 | D:10     | Fell from the grace of Zin
 11316 | D:10     | Became a worshipper of the Shining One
 11316 | D:10     | Reached * piety under the Shining One
 11559 | D:10     | Reached ** piety under the Shining One
 11589 | D:10     | Reached skill level 5 in Shields
 11600 | D:10     | Noticed a two-headed ogre
 11605 | D:10     | Killed a two-headed ogre
 11606 | D:10     | Reached XP level 11. HP: 62/99 MP: 7/12
 11967 | D:10     | Noticed a two-headed ogre
 11989 | D:10     | Killed a two-headed ogre
 12186 | D:10     | Found an ornate altar of the Wu Jian Council.
 12214 | D:10     | Reached skill level 5 in Dodging
 12376 | D:10     | Found an opulent altar of Gozag.
 12917 | D:11     | Noticed a two-headed ogre
 12924 | D:11     | Killed a two-headed ogre
 13112 | D:11     | Identified a scroll of acquirement
 13113 | D:11     | Acquired 1019 gold pieces
 13142 | D:11     | Noticed a green ugly thing
 13151 | D:11     | Killed a green ugly thing
 13214 | D:11     | Noticed Urug
 13236 | D:11     | Found a staircase to the Lair.
 13513 | D:11     | Noticed a four-headed hydra
 13522 | D:11     | Killed a four-headed hydra
 13718 | D:11     | Reached skill level 5 in Invocations
 13775 | D:11     | Noticed a two-headed ogre
 13781 | D:11     | Killed a two-headed ogre
 13985 | D:11     | Killed Urug
 13986 | D:11     | Reached XP level 12. HP: 106/106 MP: 9/15
 14436 | D:12     | Noticed Erolcha
 14444 | D:12     | Cast into level 1 of the Abyss (Erolcha)
 14527 | Abyss:1  | Noticed a profane servitor
 14538 | Abyss:1  | Noticed a starcursed mass
 14832 | Abyss:1  | Noticed a hell hog
 14844 | Abyss:1  | Noticed a lich
 14888 | Abyss:1  | Noticed a tentacled starspawn
 14891 | Abyss:1  | Noticed a black draconian
 14893 | Abyss:1  | Noticed a bone dragon
 14901 | Abyss:1  | Blown up by a lich

Illustrated notes

Levels and vault maps discovered:
D:1:      wander_arrival_estate, layout_rooms, shapermc_ecumenical_altar_ellora,
          minmay_misc_feat_doors, chequers_serial_rivers_small_3
D:2:      layout_basic
D:3:      layout_basic
D:4:      layout_basic, kennysheep_mini, grunt_temple_overflow_open,
          overflow_temple_1_default, uniq_crazy_yiuf_cottage
D:5:      layout_loops_ring, lightli_ossuary_entry_decrepit_ruins,
          lexackson_kobold_supper, uniq_pikel
D:6:      layout_loops_ring, minmay_temple_entry_proselytizer
D:7:      layout_loops_corners, nicolae_overflow_hidden_temple,
          mainiacjoe_overflow_six_doors_small, minmay_crossroads
D:8:      layout_basic, lemuel_mausoleum_altar_yredelemnul
D:9:      minmay_spotlight, layout_long_grid, nicolae_overflow_crystal_walls,
          orc_0_dummy, uniq_maurice
D:10:     kennysheep_six_static_rooms, layout_basic,
          nicolae_tso_swordbearing_angel, general_overflow_altar,
          lemuel_tele_altar, enter_bailey_2, minmay_misc_feat_alley,
          kennysheep_nondescript
D:11:     layout_roguey, erik_lair_orcish_takeover, uniq_urug
D:12:     layout_roguey, serial_park_tiny_2, makhleb_altar_promises_db,
          uniq_erolcha
Temple:   compressed_dpeg_circular_temple
Abyss:1:  base: D:3, hangedman_decor_riveting, minivault_11

Skill      XL: |  1  2  3  4  5  6  7  8  9 10 11 |
---------------+----------------------------------+-----
Maces & Flails | 3 4 5 6 7 9 11 14 | 14.0
Fighting       | 8 10 | 10.1
Armour         | 8 10 | 10.0
Invocations    | 3 5 |  5.4
Dodging        | 3 7 |  7.8
Shields        | 5 9 |  9.4

Action                   |  1- 3 |  4- 6 |  7- 9 | 10-12 || total
-------------------------+-------+-------+-------+-------++-------
Melee: Flail             |   101 |    59 |   316 |       ||   476
       Headbutt          |    15 |     8 |    93 |    83 ||   199
       Morningstar       |       |       |    58 |   325 ||   383
Throw: Stone             |       |    14 |     1 |     1 ||    16
       Boomerang         |       |       |       |     1 ||     1
Invok: Recite            |       |       |     2 |     5 ||     7
       Vitalisation      |       |       |       |     1 ||     1
       Divine Shield     |       |       |       |     2 ||     2
Evoke: Wand              |       |       |     2 |       ||     2
  Use: Scroll            |       |     3 |     3 |     8 ||    14
       Potion            |       |     1 |     3 |     4 ||     8
Armor: Scale mail        |    46 |    18 |    98 |       ||   162
       Chain mail        |       |       |    62 |    94 ||   156
       Plate armour      |       |       |       |    95 ||    95
Dodge: Dodged            |    27 |    14 |   105 |   133 ||   279
Block: Buckler           |     3 |       |       |       ||     3
       Kite shield       |    36 |    17 |   142 |   154 ||   349

Table legend: (Time is in decaauts)
 A = Elapsed time spent in this place.
 B = Non-inter-level travel time spent in this place.
 C = Inter-level travel time spent in this place.
 D = Time resting spent in this place.
 E = Time spent auto-exploring this place.
 F = Levels seen in this place.
 G = Mean time per level.
                   A        B        C        D        E       F      G
               +--------+--------+--------+--------+--------+-----+--------+
         Total |  14956 |  14651 |    305 |   4697 |   7451 |  15 |  997.1 |
       Dungeon |  13994 |  13700 |    294 |   4308 |   7241 |  12 | 1166.2 |
        Temple |    103 |     92 |     11 |      0 |     62 |   1 |  103.0 |
         Abyss |    462 |    462 |      0 |    231 |      1 |   1 |  462.0 |
       Ossuary |    395 |    395 |      0 |    158 |    147 |   1 |  395.0 |
               +--------+--------+--------+--------+--------+-----+--------+

Top non-repeatable levels by time:
     D:4: 1836 daAuts
     D:7: 1762 daAuts
     D:8: 1749 daAuts
    D:11: 1587 daAuts
    D:10: 1571 daAuts
     D:5: 1034 daAuts
     D:3: 1021 daAuts
     D:2: 1012 daAuts
     D:9: 979 daAuts
     D:1: 741 daAuts
     D:6: 689 daAuts
 Abyss:1: 462 daAuts
 Ossuary: 395 daAuts
  Temple: 103 daAuts
    D:12: 9 daAuts
